 Dungeon Crawl Stone Soup version 0.19.5 (webtiles) character file.

513 tof the Skirmisher (level 7, 0/64 HPs)
             Began as a Minotaur Fighter on Mar 2, 2017.
             Was an Initiate of Ru.
             Slain by Menkaure (3 damage)
             ... on level 4 of the Dungeon.
             The game lasted 00:05:56 (2597 turns).

tof the Skirmisher (Minotaur Fighter)               Turns: 2597, Time: 00:05:57

Health: 0/64       AC: 14    Str: 23    XL:     7   Next: 0%
Magic:  6/6        EV:  5    Int:  7    God:    Ru [......]
Gold:   190        SH: 13    Dex: 11    Spells: 0 memorised, 6 levels left

rFire  . . .     SeeInvis .     a - +0 trident
rCold  . . .     Gourm    .     v - +1 chain mail {MR+}
rNeg   . . .     Faith    .     c - +0 shield
rPois  .         Spirit   .     (helmet restricted)
rElec  .         Reflect  +     (no cloak)
rCorr  .         Harm     .     (no gloves)
MR     +....                    p - +2 pair of boots
Stlth  ..........               m - +4 amulet of reflection
                                r - +2 ring of intelligence
                                q - +2 ring of strength

@: no status effects
A: retaliatory headbutt, horns 2
a: Renounce Religion


You were on level 4 of the Dungeon.
You worshipped Ru.
Ru was noncommittal.
You were hungry.

You visited 1 branch of the dungeon, and saw 4 of its levels.

You collected 190 gold pieces.

Inventory:

Hand Weapons
 a - a +0 trident (weapon)
Armour
 b - a +0 scale mail
 c - a +0 shield (worn)
 p - a +2 pair of boots (worn)
 v - a +1 chain mail of magic resistance (worn)
 w - a +0 pair of gloves
Jewellery
 m - a +4 amulet of reflection (around neck)
 q - a +2 ring of strength (left hand)
 r - a +2 ring of intelligence (right hand)
Scrolls
 e - a scroll of immolation {unknown}
 j - 2 scrolls of identify {unknown}
 s - 2 scrolls of enchant weapon {unknown}
 t - a scroll of remove curse {unknown}
 A - a scroll of fear {unknown}
Potions
 d - a potion of might
 g - 2 potions of curing {unknown}
 l - a potion of agility {unknown}
 n - a potion of cure mutation {unknown}
 o - a potion of brilliance {unknown}
 u - 2 potions of berserk rage {unknown}
 x - a potion of degeneration {unknown}
Books
 y - a book of Conjurations

   Spells                             Type                      Level
   a - Magic Dart                     Conjuration                  1
   b - Searing Ray                    Conjuration                  2
   c - Dazzling Spray                 Conjuration/Hexes            3
   d - Fulminant Prism                Conjuration/Hexes            4
   e - Iskenderun's Mystic Blast      Conjuration                  4
   f - Iskenderun's Battlesphere      Conjuration/Charms           5
Comestibles
 f - 3 bread rations
 h - a slice of pizza
 i - 2 fruits
 k - 3 meat rations
 z - 3 chunks of flesh


   Skills:
 * Level 6.7 Fighting
 * Level 5.9 Polearms
 + Level 5.3 Armour
 - Level 3.6 Shields


You had 6 spell levels left.
You didn't know any spells.

Dungeon Overview and Level Annotations

Branches:
Dungeon (4/15)
 Temple: D:4-7

Altars:
Qazlal
Ru

Annotations:
D:4 Menkaure


Innate Abilities, Weirdness & Mutations

You reflexively headbutt those who attack you in melee.
You have a pair of horns on your head.


Message History

Menkaure calls on the powers of darkness!
The orc priest convulses!
Your body is wracked with pain!
* * * LOW HITPOINT WARNING * * *
The iguana convulses!
The orc convulses!
The iguana convulses!
You block the orc's attack.
You hit Menkaure.
Menkaure is heavily damaged.
Menkaure mumbles some strange words.
Menkaure seems to speed up.
You block the orc's attack.
Your shield and chain mail prevent you from hitting Menkaure.
Menkaure is heavily damaged.
Menkaure calls on the powers of darkness!
The orc priest convulses!
Your body is wracked with pain!
* * * LOW HITPOINT WARNING * * *
The iguana convulses! x2; The orc convulses!
The orc hits you from afar with a trident.
* * * LOW HITPOINT WARNING * * *
Menkaure giggles, "These cerements are ticklish..."
Menkaure hits you.
You die...

### . ..# .. #.# ...
#.# ....
###########.# .....
#..<......(.##o(....
#.######...@Mo.l....
######.#
#....##l.....
....##.# #...## #.!..
###.##.# ##.## ...
##.##.# #.# .
#.....#######.######
##.....#............#
.....#...........##.#
##.....#.#######....#


You could see Menkaure, 2 iguanas, an orc priest and an orc.

Vanquished Creatures
  The ghost of Squonk the Insei, an amateur DsTm (D:4)
  2 orc priests (D:3)
  3 orc wizards
  4 gnolls (D:2)
  4 adders
  An ooze (D:1)
  2 worms
  A dart slug (D:1)
  4 leopard geckos
  13 orcs
  A giant cockroach (D:2)
  6 goblins
  6 hobgoblins
  6 kobolds
  A quokka (D:4)
  A ball python (D:4)
  8 bats
  2 frilled lizards (D:2)
  5 rats
71 creatures vanquished.

Vanquished Creatures (others)
  An orc wizard (D:3)
1 creature vanquished.

Grand Total: 72 creatures vanquished

Notes
Turn   | Place    | Note
-------+----------+-------------------------------------------
     0 | D:1      | tof the Minotaur Fighter began the quest for the Orb.
     0 | D:1      | Reached XP level 1. HP: 19/19 MP: 0/0
    85 | D:1      | Reached skill level 4 in Fighting
   239 | D:1      | Reached XP level 2. HP: 27/27 MP: 1/1
   717 | D:2      | Reached XP level 3. HP: 29/34 MP: 2/2
   768 | D:2      | Reached XP level 4. HP: 22/41 MP: 3/3
  1037 | D:2      | Reached skill level 5 in Fighting
  1886 | D:3      | Reached XP level 5. HP: 43/48 MP: 4/4
  2184 | D:3      | Found a stormy altar of Qazlal.
  2452 | D:4      | Noticed Squonk's ghost (amateur DsTm)
  2468 | D:4      | Killed Squonk's ghost
  2468 | D:4      | Reached skill level 6 in Fighting
  2468 | D:4      | Reached skill level 5 in Polearms
  2468 | D:4      | Reached skill level 5 in Armour
  2468 | D:4      | Reached XP level 6. HP: 52/58 MP: 5/5
  2520 | D:4      | Found a sacrificial altar of Ru.
  2544 | D:4      | Became a worshipper of Ru the Awakened
  2571 | D:4      | Noticed Menkaure
  2589 | D:4      | Reached XP level 7. HP: 33/64 MP: 6/6
  2596 | D:4      | HP: 3/64 [orc/trident (5)]
  2597 | D:4      | Slain by Menkaure

Skill      XL: |  1  2  3  4  5 |
---------------+----------------+-----
Fighting       | 4 5 6 |  6.7
Polearms       | 3 4 5 |  5.9
Armour         | 4 5 |  5.3
Shields        | |  3.6

Action                   |  1- 3 |  4- 6 |  7- 9 || total
-------------------------+-------+-------+-------++-------
Melee: Trident           |    54 |   162 |     7 ||   223
       Headbutt          |     7 |    26 |     1 ||    34
 Stab: Paralysed         |       |     1 |       ||     1
  Eat: Chunk             |       |     5 |       ||     5
Armor: Scale mail        |     7 |     4 |       ||    11
       Chain mail        |       |    37 |     1 ||    38
Dodge: Dodged            |     7 |    14 |     1 ||    22
Block: Shield            |    24 |    73 |     7 ||   104
